 Dungeon Crawl Stone Soup version 0.28-a0-1236-gb25a51b929 (webtiles) character file.

Game seed: 2965300817129688815

23 BunnyKimber the Skirmisher (level 2, -4/25 HPs)
             Began as a Palentonga Fighter on Dec 26, 2021.
             Succumbed to Sigmund's poison
             ... on level 2 of the Dungeon.
             The game lasted 00:02:09 (1079 turns).

BunnyKimber the Skirmisher (Palentonga Fighter)     Turns: 1079, Time: 00:02:10

Health: -4/25      AC: 10    Str: 19    XL:     2   Next: 75%
Magic:  2/2        EV:  7    Int:  8    God:
Gold:   66         SH:  4    Dex:  9    Spells: 1/1 levels left

rFire   . . .      SeeInvis +   a - +0 flail
rCold   . . .      Faith    .   c - +0 buckler
rNeg    + . .      Spirit   .   b - +0 scale mail
rPois   .          Reflect  .   h - +1 helmet
rElec   .          Harm     .   e - +1 cloak
rCorr   .          Rampage  .   (no gloves)
Will    .....                   (no barding)
Stlth   ..........              (no amulet)
HPRegen 0.08/turn               f - ring of positive energy
MPRegen 0.08/turn               (no ring)

@: lethally poisoned (-4 -> -30)
A: large, rugged brown scales 3, see invisible, deformed body, roll 1, armoured
tail
a: Rolling Charge


You were on level 2 of the Dungeon.
You visited 1 branch of the dungeon, and saw 2 of its levels.

You collected 66 gold pieces.

Inventory:

Hand Weapons
 a - a +0 flail (weapon)
Armour
 b - a +0 scale mail (worn)
 c - a +0 buckler (worn)
 e - a +1 cloak (worn)
 h - a +1 helmet (worn)
Jewellery
 f - a ring of positive energy (left hand)
Potions
 d - a potion of might
 g - a potion of curing {unknown}


   Skills:
 + Level 3.3 Fighting
 + Level 2.3 Maces & Flails
 + Level 2.7 Armour
 + Level 2.5 Shields


You had one spell level left.
You didn't know any spells.
Your spell library was empty.

Dungeon Overview and Level Annotations

Branches:
Dungeon (2/15)

Altars:

Annotations:
D:2 Sigmund


Innate Abilities, Weirdness & Mutations

You are completely covered in rugged brown scales. (AC +3, +7% HP)
You have supernaturally acute eyesight. (SInv)
Armour fits poorly on your strangely shaped body.
You can roll at nearby foes to attack.
You have a long armoured tail.


Message History

You see here a +0 leather armour.
Done exploring.
Done exploring.
f - a ring of positive energy (left hand)
You start putting on your armour.
You continue putting on your +1 helmet. x4
You finish putting on your +1 helmet.
You see here a +0 dagger.
You see here a +0 dagger.
There is a stone staircase leading down here.
You climb downwards.
There is a stone staircase leading up here.
A ball python and Sigmund come into view.
Sigmund is wielding a +2 scythe of venom.
Found a scroll labelled AWNAAS SANATAHE.
Sigmund shouts!
The ball python hisses angrily.
Sigmund gestures wildly while chanting.
Sigmund flickers and vanishes for a moment.
You closely miss the ball python. The ball python bites you.
You block the ball python's attack.
You hit the ball python.
You kill the ball python!
Sigmund hits you with a +2 scythe of venom.
You hit Sigmund.
Sigmund is lightly wounded.
You block Sigmund's attack.
You hit Sigmund but do no damage.
Sigmund is lightly wounded.
You barely miss Sigmund. You tail-slap Sigmund.
Sigmund is lightly wounded.
Sigmund hits you with a +2 scythe of venom.
You are poisoned.
You hit Sigmund.
Sigmund is moderately wounded.
You feel very sick.
Sigmund hits you with a +2 scythe of venom!
* * * LOW HITPOINT WARNING * * *
You are more poisoned.
You closely miss Sigmund. You tail-slap Sigmund.
Sigmund is heavily wounded.
You die...

#<.....#
#####.######
#.....#
#.##### #.#
#.#########
#.........#
#########.#
#...@@....#
#.#########
#.# #.#
......S.#
......###
.S.... ..?@.
.....


You could see Sigmund (invisible).

Vanquished Creatures
  3 bats (D:1)
  3 endoplasms (D:1)
  A giant cockroach (D:1)
  2 goblins (D:1)
  3 hobgoblins (D:1)
  4 ball pythons
  A frilled lizard (D:1)
  2 kobolds (D:1)
  2 rats (D:1)
21 creatures vanquished.

Notes
Turn   | Place    | Note
-------+----------+-------------------------------------------
     0 | D:1      | BunnyKimber the Palentonga Fighter began the quest for the
                  | Orb.
     0 | D:1      | Reached XP level 1. HP: 19/19 MP: 1/1
   130 | D:1      | Reached XP level 2. HP: 14/25 MP: 2/2
  1061 | D:2      | Noticed Sigmund
  1079 | D:2      | Succumbed to Sigmund's poison

Illustrated notes

Levels and vault maps discovered:
D:1:      lemuel_arrival_behind_the_door_small, layout_rooms, roderic_lattice_a,
          minmay_tiny_reverse_x
D:2:      layout_basic, shapermc_ecumenical_altar_pompeii, uniq_sigmund,
          uniq_jessica

Action                   || total
-------------------------++-------
Melee: Flail             ||    36
       Tailslap          ||     7
Armor: Scale mail        ||    16
Dodge: Dodged            ||     6
Block: Buckler           ||     5

Table legend: (Time is in decaauts)
 A = Elapsed time spent in this place.
 B = Non-inter-level travel time spent in this place.
 C = Inter-level travel time spent in this place.
 D = Time resting spent in this place.
 E = Time spent auto-exploring this place.
 F = Levels seen in this place.
 G = Mean time per level.
                   A        B        C        D        E       F      G
               +--------+--------+--------+--------+--------+-----+--------+
         Total |   1088 |   1051 |     37 |      0 |    764 |   2 |  544.0 |
       Dungeon |   1088 |   1051 |     37 |      0 |    764 |   2 |  544.0 |
               +--------+--------+--------+--------+--------+-----+--------+

Top non-repeatable levels by time:
     D:1: 1039 daAuts
     D:2: 49 daAuts
